 Dungeon Crawl Stone Soup version 0.28-a0-1429-gf3d713df7a (webtiles) character file.

Game seed: 9211318930455303092

418 somkeydreadnuts the Grave Robber (level 6, 6/55 HPs)
             Began as a Deep Dwarf Necromancer on Jan 8, 2022.
             Quit the game on level 4 of the Dungeon.
             The game lasted 00:34:22 (3880 turns).

somkeydreadnuts the Grave Robber (DDNe)             Turns: 3880, Time: 00:34:23

Health: 6/55       AC:  2    Str: 12    XL:     6   Next: 61%
Magic:  9/9        EV: 12    Int: 17    God:
Gold:   205        SH:  5    Dex: 15    Spells: 8/9 levels left

rFire   . . .      SeeInvis .   l - +7 whip "Xepuseos" {spect, Dex+2}
rCold   . . .      Faith    .   t - orb {guile}
rNeg    + . .      Spirit   .   a - +0 robe
rPois   .          Reflect  +   (no helmet)
rElec   .          Harm     .   (no cloak)
rCorr   .          Rampage  .   (no gloves)
Will    .....                   (no boots)
Stlth   ++........              n - amulet of reflection
HPRegen 0.00/turn               m - ring of positive energy
MPRegen 0.11/turn               (no ring)

@: flying
A: damage resistance, heal wounds, sense surroundings 1, no regeneration
a: Heal Wounds


You were on level 4 of the Dungeon.
You visited 1 branch of the dungeon, and saw 4 of its levels.

You collected 205 gold pieces.

Inventory:

Hand Weapons
 f - a +0 club
 l - the +7 whip "Xepuseos" (weapon) {spect, Dex+2}
   (You found it on level 3 of the Dungeon)

   When its wielder attacks, the weapon's spirit leaps out and strikes again.
   The spirit shares a part of any damage it takes with its wielder.
   Dex:       It affects your dexterity (+2).
Missiles
 b - 97 stones
Armour
 a - a +0 robe (worn)
 t - an orb of guile (worn)
Jewellery
 m - a ring of positive energy (left hand)
 n - an amulet of reflection (around neck)
Scrolls
 c - 3 scrolls of teleportation
 e - 4 scrolls of identify
 g - 2 scrolls of fear {unknown}
 h - a scroll of fog {unknown}
 i - 2 scrolls of magic mapping
 j - a scroll of noise {unknown}
 o - a scroll of silence {unknown}
 r - a scroll of enchant armour {unknown}
Potions
 d - 2 potions of brilliance
 p - 2 potions of resistance {unknown}
 q - a potion of mutation {unknown}
 s - a potion of degeneration {unknown}


   Skills:
 - Level 2.5 Fighting
 * Level 4.9 Maces & Flails
 - Level 2.1 Dodging
 - Level 2.4 Stealth
 + Level 0.7 Shields
 - Level 2.2 Spellcasting
 - Level 5.2 Necromancy


You had 8 spell levels left.
You knew the following spells:

 Your Spells              Type           Power      Damage    Failure   Level
a - Pain                  Necr           76%        1d7       2%          1

Your spell library contained the following spells:

 Spells                   Type           Power      Damage    Failure   Level
 Animate Skeleton         Necr           38%        N/A       2%          1
 Vampiric Draining        Necr           19%        2d7       7%          3
 Animate Dead             Necr           9%         N/A       22%         4
 Wereblood                Tmut           1%         N/A       28%         2
 Dazzling Flash           Conj/Hex       2%         N/A       50%         3
 Agony                    Necr           19%        N/A       52%         5
 Petrify                  Tmut/Erth      1%         N/A       88%         4
 Blade Hands              Tmut           0%         N/A       99%         5
 Irradiate                Conj/Tmut      0%         3d13      99%         5
 Iskenderun's Battlesphe  Conj           1%         2d6       99%         5
 Silence                  Hex/Air        0%         N/A       99%         5
 Yara's Violent Unravell  Hex/Tmut       0%         3d3       99%         5
 Iron Shot                Conj/Erth      0%         9d1       100%        6
 Dragon Form              Tmut           0%         N/A       100%        7
 Spellforged Servitor     Conj/Summ      0%         N/A       100%        7


Dungeon Overview and Level Annotations

Branches:
Dungeon (4/15)
 Temple: D:4-7

Altars:

Shops:
D:3 :


Innate Abilities, Weirdness & Mutations

You are resistant to damage.
You can heal yourself by infusing magical energy.
You passively map a small area around you.
You do not regenerate.


Message History

t - an orb of guile You start putting on your armour.
You continue putting on your orb of guile. x4
You finish putting on your orb of guile.
e - 4 scrolls of identify (gained 1)
You see here a giant cockroach corpse.
Found a kite shield and 22 arrows.
You see here a +0 kite shield.
Found 20 stones.
You see here 22 arrows.
Found a book of Transfigurations.
You pick up a book of Transfigurations and begin reading...
You add the spells Irradiate, Blade Hands and Dragon Form to your library.
b - 97 stones (gained 20)
Casting: Pain (safe; 2% risk of failure)
Confirm with . or Enter, or press ? or * to list all spells.
You don't know that spell.
Casting: Pain (safe; 2% risk of failure)
Confirm with . or Enter, or press ? or * to list all spells.
Okay, then.
Unknown command.
Char dumped successfully.
Saving game... please wait.
Welcome back, somkeydreadnuts the Deep Dwarf Necromancer.
Press ? for a list of commands and other information.
Unknown command.
Casting: Pain (safe; 2% risk of failure)
Confirm with . or Enter, or press ? or * to list all spells.
You don't know that spell.
Okay, then.
Casting: Pain (safe; 2% risk of failure)
Confirm with . or Enter, or press ? or * to list all spells.
Okay, then.
It was a potion of flight.
You feel very buoyant.
You fly up into the air.
Unknown command.
Unknown command.
Unknown command.
Are you sure you want to abandon this character and quit the game? (Confirm with "yes".)

#########..........#
#..#.......
###..(.....#
#..##..#.##
#........####......<.##
#.....>..##....########
#........##[...########
###.#####......##......
#...###.#....##.#####
#....##.#.†......# #
#...@## #......###* #
#....# #......#,, ,
#.......#......#,
#....####......#, ,
#....# #......# **
#....# #####..# , ,
#....# #..# #+++ ######
#####.## #... #.....#
#...


There were no monsters in sight!

Vanquished Creatures
  An ice beast (D:3)
  3 wights (D:4)
  A hound (D:4)
  An iguana (D:4)
  3 adders (D:2)
  An adder skeleton (D:4)
  2 worms (D:4)
  7 orcs
  8 endoplasms
  6 giant cockroaches
  8 goblins
  8 hobgoblins
  11 jackals (D:1)
  8 kobolds
  3 quokkas (D:2)
  11 ball pythons
  7 bats
  8 frilled lizards
  3 rats
100 creatures vanquished.

Vanquished Creatures (others)
  18 plants (D:2)
18 creatures vanquished.

Grand Total: 118 creatures vanquished

Notes
Turn   | Place    | Note
-------+----------+-------------------------------------------
     0 | D:1      | somkeydreadnuts the Deep Dwarf Necromancer began the quest
                  | for the Orb.
     0 | D:1      | Reached XP level 1. HP: 15/15 MP: 3/3
   197 | D:1      | Reached XP level 2. HP: 22/22 MP: 2/4
   207 | D:1      | Found a faded altar of an unknown god.
   331 | D:1      | Reached skill level 5 in Necromancy
   572 | D:1      | Reached XP level 3. HP: 21/30 MP: 4/6
  1406 | D:2      | Reached skill level 1 in Fighting
  1610 | D:2      | Got the Volume of Transformation
  1678 | D:2      | Reached XP level 4. HP: 32/38 MP: 4/7
  2047 | D:2      | You fall into a shaft and drop 2 floors!
  2047 | D:4      | Noticed an ice beast
  2533 | D:3      | Found Veofohas's Book Boutique.
  2609 | D:3      | Identified the +7 whip "Xepuseos" {spect, Dex+2}
  2944 | D:3      | Reached skill level 1 in Maces & Flails
  3170 | D:3      | Killed an ice beast
  3171 | D:3      | Reached XP level 5. HP: 15/46 MP: 3/8
  3451 | D:4      | Reached XP level 6. HP: 37/55 MP: 7/9
  3880 | D:4      | Quit the game

Illustrated notes

Levels and vault maps discovered:
D:1:      mrwooster_arrival_statue_2, layout_loops_ring,
          dreamdust_ecumenical_altar_angels_and_demons, dk_noncrumbling_4
D:2:      layout_loops_cross, serial_bayou, serial_bayou_pond_e,
          serial_bayou_shore_a, serial_bayou_pond_b, serial_bayou_ford_a,
          minmay_lizard_pond
D:3:      layout_loops_corners, serial_shops, nicolae_shop_stone,
          solitary_fountain
D:4:      layout_basic, mainiacjoe_overflow_alcove_4

Skill      XL: |  1  2  3  4  5  6 |
---------------+-------------------+-----
Necromancy     | 5 |  5.2
Spellcasting   | 2 |  2.2
Fighting       | 1 2 |  2.5
Maces & Flails | 3 4 |  4.9
Dodging        | |  2.1
Stealth        | |  2.4
Shields        | |  0.7

Action                   |  1- 3 |  4- 6 || total
-------------------------+-------+-------++-------
Melee: Club              |    80 |    23 ||   103
       Unarmed           |     1 |       ||     1
       Punch             |     2 |       ||     2
       Whip              |       |    46 ||    46
 Cast: Pain              |    72 |    57 ||   129
 Abil: Heal Wounds       |     1 |     1 ||     2
  Use: Potion            |     4 |     3 ||     7
       Scroll            |     2 |       ||     2
 Stab: Sleeping          |       |     4 ||     4
Armor: Robe              |    22 |     3 ||    25
Dodge: Dodged            |   106 |    37 ||   143
Block: Other             |       |     8 ||     8

Table legend: (Time is in decaauts)
 A = Elapsed time spent in this place.
 B = Non-inter-level travel time spent in this place.
 C = Inter-level travel time spent in this place.
 D = Time resting spent in this place.
 E = Time spent auto-exploring this place.
 F = Levels seen in this place.
 G = Mean time per level.
                   A        B        C        D        E       F      G
               +--------+--------+--------+--------+--------+-----+--------+
         Total |   3933 |   3933 |      0 |     16 |   2492 |   4 |  983.2 |
       Dungeon |   3933 |   3933 |      0 |     16 |   2492 |   4 |  983.2 |
               +--------+--------+--------+--------+--------+-----+--------+

Top non-repeatable levels by time:
     D:1: 1264 daAuts
     D:2: 1087 daAuts
     D:3: 925 daAuts
     D:4: 656 daAuts
